[Event "Early-Titled-Tuesday-Blitz-May-14-2024"]
[Site "Chess.com"]
[Date "2024.05.14"]
[Round "3"]
[White "kanzaww"]
[Black "Chernov_Alexander_A"]
[Result "1-0"]
[WhiteElo "2491"]
[BlackElo "2271"]
[TimeControl "180+1"]
[EndTime "8:28:57 PDT"]
[Termination "kanzaww won on time"]

1. e4 d6 2. d4 Nf6 3. Nc3 Nbd7 4. Nf3 e5 5. Bc4 Be7 6. O-O O-O 7. Re1 c6 8. a4 Qc7 9. h3 exd4 10. Nxd4 Ne5 11. Ba2 Bd7 12. f4 Ng6 13. Qf3 Rae8 14. Be3 Bc8 15. Bf2 a6 16. a5 c5 17. Nf5 Bxf5 18. exf5 Nh8 19. Nd5 Nxd5 20. Bxd5 Bf6 21. c3 b6 22. Qd3 b5 23. g4 g5 24. h4 h6 25. hxg5 hxg5 26. Qh3 gxf4 27. Qh6 Bg7 28.
Qxf4 Qd8 29. g5 Be5 30. Qh4 Bg7 31. f6 Rxe1+ 32. Rxe1 Re8 33. fxg7 Rxe1+ 34. Bxe1 Kxg7 35. Qh6+ Kg8 36. g6 Qe7 37. Qh7+ 1-0

[Event "Early-Titled-Tuesday-Blitz-May-14-2024"]
[Site "Chess.com"]
[Date "2024.05.14"]
[Round "3"]
[White "ural58"]
[Black "RianKapriaga"]
[Result "1-0"]
[WhiteElo "2489"]
[BlackElo "2287"]
[TimeControl "180+1"]
[EndTime "8:28:57 PDT"]
[Termination "ural58 won on time"]

1. e4 c6 2. Nc3 d5 3. Nf3 Bg4 4.
h3 Bxf3 5. Qxf3 Nf6 6. e5 Nfd7 7.
Qg3 e6 8. f4 g6 9. h4 h5 10.
Be2 a6 11. d4 c5 12. Be3 cxd4 13. Bxd4 Nc6 14. Bf2 Bb4 15. O-O-O Qa5 16. Kb1 Bxc3 17. Qxc3 Qxc3 18. bxc3 b5 19. g4 hxg4 20. Bxg4 Rc8 21. h5 gxh5 22. Rxh5 Rg8 23. Bf3 Ne7 24. Bd4 Nc5 25. Rh7 Na4 26. Bh5 Rf8 27. Rg1 Nf5 28. Rxf7 Rxf7 29. Rg8+ Kd7 30. Bxf7 Nxc3+ 31. Bxc3 Rxc3 32.
Ra8 Ke7 33. Ra7+ Kf8 34. Bxe6 Ne3 35. f5 Rxc2 36. f6 1-0

[Event "Early-Titled-Tuesday-Blitz-May-14-2024"]
[Site "Chess.com"]
[Date "2024.05.14"]
[Round "3"]
[White "Blitz_Lover1"]
[Black "maciek_92"]
[Result "0-1"]
[WhiteElo "2324"]
[BlackElo "2805"]
[TimeControl "180+1"]
[EndTime "8:28:58 PDT"]
[Termination "maciek_92 won by resignation"]

1. e4 c5 2. Nf3 e6 3. d4 cxd4 4. Nxd4 Nc6 5. Nc3 a6 6. a3 Qc7 7. Be3 Nf6 8. f4 d6 9. Qf3 Bd7 10. O-O-O Rc8 11. Bd3 h5 12. h3 h4 13. Rhe1 Be7 14.
Kb1 Kf8 15. f5 e5 16. Nb3 Na5 17. Nxa5 Qxa5 18. Nd5 Nxd5 19. exd5 Bf6 20. Qe4 Bb5 21. Bxb5 Qxb5 22. Qb4 Qxb4 23. axb4 Rh5 24. Rf1 Bg5 25. Bb6 Rc4 26. Ba5 Be3 27. b3 Rc8 28. Rf3 Ba7 29.
c3 b6 30. Bxb6 Bxb6 31. Rd2 e4 32. Rf1 Rxc3 33. Ra2 Rxb3+ 34. Kc2 Rxb4 35. Rxa6 Ke7 36. f6+ gxf6 37. Kc3 Rb5 38. Kc4 Rhxd5 39. Rxb6 Rdc5+ 40. Kd4 Rxb6 41. Kxe4 Rb4+ 42. Kf3 Rf5+ 43. Ke2 Rb2+ 0-1

[Event "Early-Titled-Tuesday-Blitz-May-14-2024"]
[Site "Chess.com"]
[Date "2024.05.14"]
[Round "3"]
[White "dennisodessa"]
[Black "Casablanca"]
[Result "0-1"]
[WhiteElo "2502"]
[BlackElo "2722"]
[TimeControl "180+1"]
[EndTime "8:28:59 PDT"]
[Termination "Casablanca won by checkmate"]

1. d4 e6 2. c4 b6 3. e4 Bb7 4. f3 f5 5. exf5 exf5 6. Nh3 Bb4+ 7. Bd2 Qe7+ 8. Be2 Nf6 9. O-O Bxd2 10. Qxd2 O-O 11.
Nc3 Nc6 12. Rfe1 g6 13. Nf4 Rae8 14. Rad1 Qf7 15. Nb5 d5 16. cxd5 Nd8 17. Nxa7 g5 18. Ne6 Nxe6 19. dxe6 Rxe6 20. Qxg5+ Kh8 21. Nb5 Rxe2 22.
Rxe2 Bxf3 23. Qe3 Bxe2 24. Qxe2 Re8 25. Qf3 Ng4 26. Nc3 Ne3 27. Re1 Qg7 28. Qf4 Qxg2# 0-1

[Event "Early-Titled-Tuesday-Blitz-May-14-2024"]
[Site "Chess.com"]
[Date "2024.05.14"]
[Round "3"]
[White "ernestina08chess"]
[Black "ubdip"]
[Result "1-0"]
[WhiteElo "2306"]
[BlackElo "2469"]
[TimeControl "180+1"]
[EndTime "8:28:59 PDT"]
[Termination "ernestina08chess won by resignation"]

1. d4 d5 2. c4 e6 3. Nf3 Nf6 4. g3 Be7 5. Bg2 O-O 6. O-O b6 7. Nc3 Bb7 8. Ne5 Nbd7 9. Qa4 c6 10. f4 Qc7 11. e4 Nxe5 12. fxe5 Nxe4 13. Nxe4 dxe4 14.
Bxe4 c5 15. d5 Qxe5 16. Re1 Qd4+ 17. Kg2 exd5 18. Bf3 Bf6 19. Qd7 Ba6 20. cxd5 Rfd8 21. Qf5 Bd3 22. Qf4 Qxf4 23. Bxf4 Bxb2 24. Rad1 Bg6 25.
d6 Bf6 26. d7 h5 27. Bxa8 Rxa8 28. Re8+ 1-0

[Event "Early-Titled-Tuesday-Blitz-May-14-2024"]
[Site "Chess.com"]
[Date "2024.05.14"]
[Round "3"]
[White "MaxLeto"]
[Black "cristiano78"]
[Result "1-0"]
[WhiteElo "2426"]
[BlackElo "2255"]
[TimeControl "180+1"]
[EndTime "8:29:00 PDT"]
[Termination "MaxLeto won by resignation"]

1. e4 c5 2. Nf3 d6 3. d4 cxd4 4. Nxd4 Nf6 5. Nc3 a6 6. h3 e5 7.
Nde2 Be6 8. Bg5 Nbd7 9. g4 b5 10. Bg2 b4 11. Nd5 Bxd5 12. exd5 Be7 13. Ng3 h6 14.
Be3 g6 15. Qd2 h5 16. g5 Nh7 17. h4 a5 18. O-O-O Qc7 19. Kb1 Nc5 20. f4 exf4 21. Bd4 O-O 22. Qxf4 f6 23. gxf6 Bxf6 24. Qh6 Qg7 25. Qxg7+ Kxg7 26. Bxc5 dxc5 27. Ne4 Bd4 28.
c3 bxc3 29. bxc3 Rab8+ 30. Kc2 Be5 31. Rb1 Rxb1 32. Rxb1 Rf4 33. Rb7+ Kh6 34. Kb3 Rxh4 35. Nxc5 Nf6 36. Nd3 Ng4 37. Nxe5 Nxe5 38. d6 Rh2 39. Bd5 Rd2 40. c4 h4 41. Re7 Nxc4 42. Kxc4 h3 43. d7 h2 44. d8=Q 1-0

[Event "Early-Titled-Tuesday-Blitz-May-14-2024"]
[Site "Chess.com"]
[Date "2024.05.14"]
[Round "3"]
[White "maracayo"]
[Black "Dewarfd"]
[Result "0-1"]
[WhiteElo "2362"]
[BlackElo "2067"]
[TimeControl "180+1"]
[EndTime "8:29:00 PDT"]
[Termination "Dewarfd won by resignation"]

1. e4 c5 2. Nc3 g6 3. g3 Bg7 4. Bg2 d6 5. Nge2 Nc6 6. O-O Nf6 7. h3 O-O 8. d4 cxd4 9. Nxd4 Nxd4 10. Qxd4 Be6 11. f4 Nd5 12. Qd3 Nxc3 13. bxc3 Rc8 14. Qd1 Bxc3 15. Rb1 Bxa2 16. Rxb7 Rb8 17. Rxb8 Qxb8 18.
Kh2 Rc8 19. f5 Be5 20. Bf4 Qb5 21. Qd2 Bxf4 22. Qxf4 Rxc2 23. f6 Qe2 24. Rg1 exf6 25. Qxd6 Be6 26. Qb8+ Kg7 27. Qxa7 Bxh3 28. Qb8 Bxg2 0-1

[Event "Early-Titled-Tuesday-Blitz-May-14-2024"]
[Site "Chess.com"]
[Date "2024.05.14"]
[Round "3"]
[White "Rodalquilar"]
[Black "Iskusnyh"]
[Result "1-0"]
[WhiteElo "2877"]
[BlackElo "2586"]
[TimeControl "180+1"]
[EndTime "8:29:01 PDT"]
[Termination "Rodalquilar won on time"]

1. d4 d5 2. Nf3 Nf6 3. Bf4 c5 4. e3 Nc6 5. c3 Qb6 6. Qc2 g6 7. h3 Bg7 8. Nbd2 O-O 9. Be2 cxd4 10. exd4 Nh5 11. Bh2 Bh6 12. g4 Nf4 13. g5 Ng2+ 14. Kf1 Bxh3 15. Kg1 Bg7 16. Bg3 Bf5 17. Qb3 Qd8 18.
Kxg2 Qd7 19. Qd1 Rfe8 20. Qg1 e5 21. dxe5 Nxe5 22. Nxe5 Rxe5 23. Re1 Re6 24. Bf3 Rae8 25. Rxe6 fxe6 26. Qh2 Bh8 27. Be5 Qe7 28. Bxh8 Kxh8 29. Qe5+ Kg8 30. Qg3 e5 31. Bxd5+ Kh8 32. Ne4 Rd8 33. Nf6 h5 34. Re1 1-0

[Event "Early-Titled-Tuesday-Blitz-May-14-2024"]
[Site "Chess.com"]
[Date "2024.05.14"]
[Round "3"]
[White "Khromkin"]
[Black "Arhan_Anand"]
[Result "0-1"]
[WhiteElo "2384"]
[BlackElo "2624"]
[TimeControl "180+1"]
[EndTime "8:29:01 PDT"]
[Termination "Arhan_Anand won by resignation"]

1. d4 Nf6 2. c4 e6 3. Nf3 d5 4.
Nc3 Bb4 5. Bg5 h6 6. Bxf6 Qxf6 7. Qb3 Bxc3+ 8. Qxc3 c6 9. e3 O-O 10. a3 Nd7 11. h3 Re8 12. Rd1 b6 13. cxd5 exd5 14. Be2 Bb7 15. O-O Re7 16. b4 b5 17. a4 a6 18. a5 Rae8 19. Ne1 Qd6 20. Bg4 Nf6 21. Bf3 Ne4 22. Bxe4 dxe4 23. Qc5 Qd7 24. Rc1 Re6 25. Kh1 Rg6 26. f4 exf3 27. Rxf3 Rge6 28. Nd3 f6 29. Qh5 Rxe3 30. Nc5 Re1+ 31. Kh2 Qd6+ 32. Rg3 Bc8 33. Qxh6 Qxg3+ 34. Kxg3 gxh6 35. Rxe1 Rxe1 0-1

[Event "Early-Titled-Tuesday-Blitz-May-14-2024"]
[Site "Chess.com"]
[Date "2024.05.14"]
[Round "3"]
[White "Azalea95"]
[Black "Mbneu"]
[Result "0-1"]
[WhiteElo "2375"]
[BlackElo "2232"]
[TimeControl "180+1"]
[EndTime "8:29:01 PDT"]
[Termination "Mbneu won on time"]

1. e4 c5 2. Nf3 Nf6 3. Nc3 d5 4. exd5 Nxd5 5. a4 a6 6. Bc4 Nxc3 7. dxc3 Qxd1+ 8. Kxd1 Bg4 9. Bd5 Nc6 10. Ke2 e6 11. Be4 O-O-O 12. h3 Bh5 13. Be3 f5 14. Bxc6 bxc6 15.
Bg5 Rd7 16. Rad1 Bd6 17. Rd3 e5 18. Rhd1 Kc7 19. g4 fxg4 20. Nxe5 Re8 21. Bf4 gxh3+ 22. f3 Rf7 23. Rxd6 Rxf4 24. Rxc6+ Kb8 25. Rxc5 Bxf3+ 26. Ke3 Bxd1 27. Kxf4 h2 28. Nd7+ Ka7 29. Rh5 Re2 0-1

[Event "Early-Titled-Tuesday-Blitz-May-14-2024"]
[Site "Chess.com"]
[Date "2024.05.14"]
[Round "3"]
[White "AradNazari"]
[Black "Larina_Maria"]
[Result "1-0"]
[WhiteElo "2813"]
[BlackElo "2398"]
[TimeControl "180+1"]
[EndTime "8:29:02 PDT"]
[Termination "AradNazari won by resignation"]

1. e4 c6 2. Nf3 d5 3. Nc3 Bg4 4.
h3 Bxf3 5. Qxf3 e6 6. Be2 Nf6 7. d3 d4 8. Nb1 c5 9. c4 dxc3 10.
bxc3 Nc6 11. Nd2 Nd7 12. Qg3 Be7 13. Nc4 O-O 14. Bf4 Bh4 15. Qe3 e5 16. Bg3 Bg5 17.
Qf3 b5 18. Nd6 Qf6 19. Nxb5 Rab8 20. a4 a6 21. Nc7 Rb2 22. O-O Qxf3 23. Bxf3 Rfb8 24.
Nxa6 R8b6 25. Nc7 Rc2 26. Bg4 Nf8 27. a5 Rbb2 28. a6 Bd8 29. a7 Nxa7 30. Rxa7 Rxc3 31. Nd5 Rxd3 32. Ra8 Bg5 33. h4 1-0

[Event "Early-Titled-Tuesday-Blitz-May-14-2024"]
[Site "Chess.com"]
[Date "2024.05.14"]
[Round "3"]
[White "viktorgen2021"]
[Black "Hasangatin_Ramil"]
[Result "0-1"]
[WhiteElo "2489"]
[BlackElo "2682"]
[TimeControl "180+1"]
[EndTime "8:29:02 PDT"]
[Termination "Hasangatin_Ramil won by resignation"]

1. d4 d6 2. Nf3 Bg4 3. Nc3 Bxf3 4. exf3 d5 5. f4 e6 6. Bd3 g6 7. Ne2 Nd7 8. c3 c5 9. O-O Ngf6 10. Re1 Be7 11. Ng3 O-O 12. f5 exf5 13. Bxf5 cxd4 14. Qxd4 Bc5 15. Qf4 Re8 16. Bd2 Qb6 17. b4 Bxf2+ 18.
Qxf2 Qxf2+ 19. Kxf2 gxf5 20. Kf3 Ne4 21. Bf4 Nxg3 22. Bxg3 Re4 23. Rad1 Nf6 24. Rxe4 fxe4+ 25. Kf4 Nh5+ 26. Ke3 Nxg3 27. hxg3 Rc8 28. Rxd5 Rxc3+ 29. Kxe4 Rxg3 30. Rd8+ Kg7 31. Rd7 Rxg2 32. a3 Ra2 33.
Rxb7 Rxa3 34. b5 Kg6 35. Rb8 h5 36. Rg8+ Kh7 37. Rg5 Kh6 38. Rg1 h4 39. Kf4 h3 40.
Kg4 h2 41. Rh1 Ra2 42. Kg3 Kg5 43. Rc1 f5 44. Rb1 Rc2 45. Ra1 Kf6 46. Ra6+ Ke5 47. Ra1 Kd4 48. Kf4 Rg2 49. Kxf5 Rg1 50. Rxa7 h1=Q 0-1

[Event "Early-Titled-Tuesday-Blitz-May-14-2024"]
[Site "Chess.com"]
[Date "2024.05.14"]
[Round "3"]
[White "monomita"]
[Black "hongnhung1234"]
[Result "1/2-1/2"]
[WhiteElo "2750"]
[BlackElo "2550"]
[TimeControl "180+1"]
[EndTime "8:29:04 PDT"]
[Termination "Game drawn by repetition"]

1. d4 Nf6 2. Nc3 c5 3. d5 d6 4.
e4 a6 5. f4 b5 6. e5 dxe5 7.
fxe5 b4 8. exf6 bxc3 9. fxe7 Bxe7 10. bxc3 O-O 11. Nf3 Bf6 12. Be2 Bxc3+ 13. Bd2 Bxa1 14. Qxa1 Qxd5 15. Bc3 f6 16. O-O Re8 17. Rf2 Nc6 18. Nd2 Qf7 19. Bf3 Bb7 20. Ne4 Nd4 21. Nd6 Nxf3+ 22.
Rxf3 Qd7 23. Nxb7 Qxb7 24. Bxf6 gxf6 25. Qxf6 Qb1+ 26. Rf1 Qxc2 27. Qf7+ Kh8 28. Qf6+ Kg8 29. Qf7+ Kh8 30. Qf6+ Kg8 1/2-1/2

[Event "Early-Titled-Tuesday-Blitz-May-14-2024"]
[Site "Chess.com"]
[Date "2024.05.14"]
[Round "3"]
[White "subham777"]
[Black "Makswolf200817"]
[Result "0-1"]
[WhiteElo "2528"]
[BlackElo "2774"]
[TimeControl "180+1"]
[EndTime "8:29:05 PDT"]
[Termination "Makswolf200817 won on time"]

1. e4 c5 2. Nf3 d6 3. d4 cxd4 4. Qxd4 Nc6 5. Bb5 Bd7 6. Bxc6 Bxc6 7. c4 Nf6 8. Nc3 g6 9. Bg5 Bg7 10. O-O O-O 11. Qd3 Nd7 12. Nd4 Rc8 13. Rad1 Nc5 14. Qe3 Re8 15. b4 Bxd4 16. Rxd4 Ne6 17. Rdd1 Bd7 18.
Nd5 Rxc4 19. Bh6 Bc6 20. f4 Bxd5 21. exd5 Ng7 22. f5 Qb6 23. Qxb6 axb6 24. fxg6 hxg6 25. Be3 Rxb4 26. Rb1 Ra4 27. Rxb6 Nf5 28. Bf2 Rxa2 29. Rxb7 Rd2 30. Rb5 Rc8 31. g4 Ng7 32. Be3 Re2 33.
Bf4 Rcc2 34. Rb8+ Kh7 35. Rb7 Ne8 36. Bg3 Kg7 37. Rb8 Nf6 38. g5 Nxd5 39. Rb7 Ne3 40.
Ra1 Nf5 0-1

[Event "Early-Titled-Tuesday-Blitz-May-14-2024"]
[Site "Chess.com"]
[Date "2024.05.14"]
[Round "3"]
[White "Escudito"]
[Black "Kunalm64"]
[Result "0-1"]
[WhiteElo "2346"]
[BlackElo "2610"]
[TimeControl "180+1"]
[EndTime "8:29:07 PDT"]
[Termination "Kunalm64 won on time"]

1. d4 Nf6 2. Nf3 g6 3. c4 Bg7 4. Nc3 d5 5. cxd5 Nxd5 6. h4 c5 7. h5 cxd4 8. Nxd4 Nc6 9. hxg6 Bxd4 10. gxf7+ Kxf7 11. e3 Nxc3 12. Qh5+ Kf8 13. exd4 Nd5 14. Bh6+ Kg8 15. Qg5+ Kf7 16. Bc4 Qa5+ 17. Kf1 Rd8 18. Re1 e6 19. Qg7+ Ke8 20. Be2 Nce7 21. Qe5 Kd7 22. Bg4 Qa6+ 23. Kg1 Qd6 24. Qg7 Rg8 25. Bxe6+ Qxe6 0-1

[Event "Early-Titled-Tuesday-Blitz-May-14-2024"]
[Site "Chess.com"]
[Date "2024.05.14"]
[Round "3"]
[White "ElCoachRene"]
[Black "mostafa_sakha"]
[Result "0-1"]
[WhiteElo "1890"]
[BlackElo "2346"]
[TimeControl "180+1"]
[EndTime "8:29:08 PDT"]
[Termination "mostafa_sakha won on time"]

1. Nf3 d5 2. d4 Nf6 3. Bf4 c5 4. e3 Nc6 5. Nbd2 e6 6. c3 Bd6 7.
Bg3 O-O 8. Bd3 b6 9. Ne5 Bb7 10. f4 Ne7 11. Qf3 Nf5 12. O-O Be7 13. Bf2 Nd6 14. Bh4 Nfe4 15. Bxe7 Qxe7 16. Qh3 f6 17. Ng4 g6 18. Rad1 Nxd2 19. Rxd2 Ne4 20. Re2 a5 21. Nh6+ Kh8 22. g4 Qg7 23. Rg2 cxd4 24. exd4 f5 25. gxf5 exf5 26. Qh4 Ba6 27. Bxa6 Rxa6 28.
Rf3 b5 29. Rh3 Raf6 30. Re3 Qc7 31. a3 Kg7 32. Rh3 Rh8 33. Nxf5+ Rxf5 34. Qh6+ Kf7 35. Rxg6 hxg6 36. Qxh8 Ke6 37. Rh7 Rf7 38. Qe5+ Qxe5 0-1

[Event "Early-Titled-Tuesday-Blitz-May-14-2024"]
[Site "Chess.com"]
[Date "2024.05.14"]
[Round "3"]
[White "CristianS27"]
[Black "Buzhizhebuguai"]
[Result "0-1"]
[WhiteElo "2526"]
[BlackElo "2769"]
[TimeControl "180+1"]
[EndTime "8:29:09 PDT"]
[Termination "Buzhizhebuguai won on time"]

1. e4 e6 2. d4 d5 3. Nd2 Nf6 4.
e5 Ne4 5. c3 c5 6. Bd3 Nxd2 7. Bxd2 Nc6 8. Nf3 cxd4 9. cxd4 Qb6 10.
O-O Bd7 11. Bc3 Bb4 12. Ng5 h6 13. Qh5 O-O 14. Rad1 Bxc3 15. bxc3 Ne7 16. Nh7 Rfd8 17.
Rb1 Qc7 18. Rfe1 Kh8 19. Qxf7 Nf5 20. Bxf5 exf5 21. e6 Kxh7 22. Qxf5+ Kh8 23. exd7 Rxd7 24. Re5 Rad8 25. Rbe1 Rg8 26. Re8 Rd8 27. R8e7 Qxc3 28.
Qf4 Rdf8 0-1

[Event "Early-Titled-Tuesday-Blitz-May-14-2024"]
[Site "Chess.com"]
[Date "2024.05.14"]
[Round "3"]
[White "Ginger_GM"]
[Black "jup1978"]
[Result "0-1"]
[WhiteElo "2652"]
[BlackElo "2476"]
[TimeControl "180+1"]
[EndTime "8:29:09 PDT"]
[Termination "jup1978 won by resignation"]

1. c4 e6 2. Nc3 d5 3. d4 a6 4.
c5 e5 5. dxe5 d4 6. Na4 Nc6 7.
Nf3 Bg4 8. Bf4 Qd5 9. e3 O-O-O 10. Qb3 Bxf3 11. gxf3 Qxf3 12. Rg1 dxe3 13. fxe3 Nge7 14. Bg2 Qh5 15. Rc1 h6 16. Qc4 g5 17. Bg3 Bg7 18. Qe4 Qg6 19. Qxg6 fxg6 20. e6 Be5 21. Ke2 h5 22. Rgf1 Rhf8 23. Be4 Bxg3 24. hxg3 Nf5 25. Bxf5 gxf5 26. Rh1 Rh8 27. Rcf1 Rdf8 28. Nc3 Rf6 29. Nd5 Rxe6 30. Rxf5 Nd4+ 31. Kd3 Nxf5 32. Rf1 Rd8 33. e4 Ne7 34. Kd4 c6 0-1

[Event "Early-Titled-Tuesday-Blitz-May-14-2024"]
[Site "Chess.com"]
[Date "2024.05.14"]
[Round "3"]
[White "LangesNasenhaar"]
[Black "HamedWafa4"]
[Result "0-1"]
[WhiteElo "2457"]
[BlackElo "2666"]
[TimeControl "180+1"]
[EndTime "8:29:09 PDT"]
[Termination "HamedWafa4 won by checkmate"]

1. d4 Nf6 2. Nf3 c5 3. c3 e6 4. g3 b5 5. Bg2 Bb7 6. O-O Be7 7. a4 b4 8. Nbd2 O-O 9. Re1 d5 10. Ne5 Nbd7 11. Ndf3 Ne4 12. Nxd7 Qxd7 13. Ne5 Qc7 14. Bf4 Qc8 15. Rc1 bxc3 16. bxc3 Ba6 17. f3 Nd6 18. e4 dxe4 19. fxe4 Nc4 20. Nxc4 Bxc4 21. d5 Rd8 22. d6 e5 23. Bxe5 Qe6 24. Bf4 Bxd6 25. Bxd6 Rxd6 26. Qh5 Rad8 27. Qxc5 Rd2 28. Qxa7 h5 29. Qe3 h4 30.
Qf4 h3 31. Bf3 Qb6+ 32. Qe3 Qb2 33. Rcd1 Rg2+ 34. Kh1 Rxh2+ 35. Kg1 Rg2+ 36. Kh1 Rh2+ 37. Kg1 Rdd2 38. Rxd2 Rxd2 39. Rd1 Rxd1+ 40. Bxd1 Qg2# 0-1

[Event "Early-Titled-Tuesday-Blitz-May-14-2024"]
[Site "Chess.com"]
[Date "2024.05.14"]
[Round "3"]
[White "Tigranpatagonian"]
[Black "arenal72"]
[Result "0-1"]
[WhiteElo "2387"]
[BlackElo "2631"]
[TimeControl "180+1"]
[EndTime "8:29:09 PDT"]
[Termination "arenal72 won by resignation"]

1. d4 d6 2. Nf3 Nf6 3. g3 g6 4. Bg2 Bg7 5. O-O O-O 6. c4 Bf5 7. Nc3 Ne4 8. Qb3 Nxc3 9. bxc3 Nc6 10.
Qxb7 Na5 11. Qa6 c6 12. c5 dxc5 13. Ne5 cxd4 14. Nxc6 Nxc6 15. Bxc6 Rc8 16. cxd4 Bxd4 17. Bh6 Bxa1 18. Bxf8 Bd4 19. Bh6 Qb6 20. Qxb6 axb6 21. Bb5 f6 22. Rd1 Bc5 23. h4 Kf7 24. a4 Be6 25. Kg2 Rc7 26. Bf4 Rc8 27. Rc1 Bd5+ 28. f3 Bb7 29. Be3 Bxe3 0-1

[Event "Early-Titled-Tuesday-Blitz-May-14-2024"]
[Site "Chess.com"]
[Date "2024.05.14"]
[Round "3"]
[White "Mysterio47"]
[Black "jefferyx"]
[Result "1/2-1/2"]
[WhiteElo "2796"]
[BlackElo "3087"]
[TimeControl "180+1"]
[EndTime "8:29:12 PDT"]
[Termination "Game drawn by repetition"]

1. e4 c5 2. Nf3 d6 3. d4 cxd4 4. Nxd4 Nf6 5. Nc3 a6 6. a3 h5 7.
Bc4 e6 8. O-O Qc7 9. Ba2 Nc6 10.
h3 Be7 11. Be3 Bd7 12. f4 Na5 13. f5 e5 14. Nf3 Nc4 15. Bxc4 Qxc4 16. Nd2 Qc7 17. Qe2 Bc6 18. Rab1 b5 19. Bg5 a5 20. Bxf6 Bxf6 21. Nd5 Bxd5 22. exd5 Qxc2 23. Qxb5+ Kf8 24. Rfd1 Qxf5 25. Nc4 Rd8 26. Rf1 Qg5 27. Qb6 Rh6 28. Rf2 Kg8 29. Rbf1 Kh7 30. Qc7 e4 31. Kh1 Qxd5 32.
Ne3 Qc5 33. Qxf7 Qxe3 34. Rxf6 Rxf6 35. Rxf6 h4 36. Qh5+ Kg8 37. Qf7+ Kh7 38. Qh5+ Kg8 39.
Qd5+ Kh7 40. Qh5+ 1/2-1/2

[Event "Early-Titled-Tuesday-Blitz-May-14-2024"]
[Site "Chess.com"]
[Date "2024.05.14"]
[Round "3"]
[White "nrvisakh"]
[Black "ninguno46"]
[Result "1-0"]
[WhiteElo "2923"]
[BlackElo "2551"]
[TimeControl "180+1"]
[EndTime "8:29:12 PDT"]
[Termination "nrvisakh won on time"]

1. Nf3 d6 2. e4 Nf6 3. Nc3 e5 4. Bc4 Be7 5. O-O O-O 6. d3 c6 7. a3 Nbd7 8. Ba2 Nc5 9. Ne2 Be6 10. b4 Na6 11. c4 Nc7 12. Ng3 h6 13. d4 Nd7 14. d5 cxd5 15. cxd5 Bg4 16. h3 Bxf3 17. Qxf3 Nb5 18. Be3 Nd4 19. Bxd4 exd4 20. Nf5 Bf6 21. Qg3 h5 22. Qxd6 g6 23. Qg3 h4 24. Qg4 Ne5 25. Nh6+ Kh7 26. Qf4 g5 27. Qf5+ Kxh6 28. f4 gxf4 29.
Rxf4 Bg7 30. Raf1 Qg5 31. Bb3 Qxf5 32. Rxf5 f6 33. Bd1 Bh8 34. R1f4 Kg7 35. Rxh4 Kf7 36. g4 Ke7 37. g5 Kd6 38. Rh6 Bg7 39. Rh7 Rf7 40. Bh5 Rd7 41. gxf6 Bh8 42. Rh6 1-0

[Event "Early-Titled-Tuesday-Blitz-May-14-2024"]
[Site "Chess.com"]
[Date "2024.05.14"]
[Round "3"]
[White "Artem_Koval"]
[Black "Gareth-Bale11"]
[Result "1-0"]
[WhiteElo "2566"]
[BlackElo "2895"]
[TimeControl "180+1"]
[EndTime "8:29:13 PDT"]
[Termination "Artem_Koval won by resignation"]

1. d4 d5 2. Bf4 Nf6 3. e3 c5 4. c3 Qb6 5. Qc2 Nc6 6. Nf3 Bf5 7. dxc5 Bxc2 8. cxb6 axb6 9. Na3 Be4 10. Nb5 Rc8 11. Be2 e6 12. O-O Nh5 13. Bc7 Bc5 14. b4 Be7 15.
Bxb6 O-O 16. a4 Nf6 17. a5 h6 18. Nfd4 Ne5 19. a6 bxa6 20. Rxa6 Nc4 21. Bxc4 dxc4 22. Ra7 Nd5 23. Ba5 Bd3 24. Ra1 e5 25. Nf3 Bf6 26. e4 Nf4 27. Nd6 Rc6 28. Bc7 g6 29. b5 Rc5 30. b6 Be7 31. Ra8 Ne2+ 32. Kh1 Nxc3 33. Rxf8+ Bxf8 34. b7 Rxc7 35. b8=Q Rd7 36.
Ra8 1-0

[Event "Early-Titled-Tuesday-Blitz-May-14-2024"]
[Site "Chess.com"]
[Date "2024.05.14"]
[Round "3"]
[White "agvega14"]
[Black "Levanzovsky"]
[Result "1/2-1/2"]
[WhiteElo "2156"]
[BlackElo "2553"]
[TimeControl "180+1"]
[EndTime "8:29:13 PDT"]
[Termination "Game drawn by repetition"]

1. e4 e5 2. Nf3 Nc6 3. d4 exd4 4. Bc4 Nf6 5. e5 d5 6. Bb5 Nd7 7. O-O Be7 8. Bxc6 bxc6 9. Qxd4 O-O 10. Nc3 f6 11.
Nxd5 fxe5 12. Nxe7+ Qxe7 13. Qc4+ Kh8 14. Qxc6 Rb8 15. Bg5 Qf7 16. Qxc7 Rxb2 17. Be3 h6 18. Nxe5 Nxe5 19. Qxe5 Rxc2 20. Rac1 Rxc1 21. Rxc1 Qg6 22. h4 Bb7 23. Qg3 Qxg3 24. fxg3 Rf7 25. Rc2 Kh7 26. Rb2 Bd5 27. Bf4 Rb7 28. Rxb7 Bxb7 29. Kf2 h5 30. Bg5 Kg6 31. Be3 a5 32. Bd4 a4 33. Bc5 Kf5 34.
a3 Ke4 35. Bf8 g6 36. Bb4 Kd3 37. Bf8 Bc6 38. Bb4 Bb7 39. Bf8 Bc8 40. Bb4 Bg4 41.
Bf8 Bf5 42. Bb4 Bg4 43. Bf8 Ke4 44. Bb4 Bf5 45. Bf8 Bg4 46. Bb4 Bf5 47. Bf8 Bg4 1/2-1/2

[Event "Early-Titled-Tuesday-Blitz-May-14-2024"]
[Site "Chess.com"]
[Date "2024.05.14"]
[Round "3"]
[White "only_strong_moves"]
[Black "DrVelja"]
[Result "0-1"]
[WhiteElo "2709"]
[BlackElo "2963"]
[TimeControl "180+1"]
[EndTime "8:29:14 PDT"]
[Termination "DrVelja won by checkmate"]

1. Nc3 c5 2. Nf3 Nc6 3. d4 cxd4 4. Nxd4 Nf6 5. Bg5 e6 6. Ndb5 d6 7. Qd2 a6 8. Nd4 h6 9. Bh4 Be7 10. O-O-O Bd7 11. e3 O-O 12. Bxf6 Bxf6 13. Ne4 Be7 14. Nxc6 Bxc6 15. Nxd6 Qc7 16. Nc4 b5 17. Na5 Rfd8 18. Bd3 Bxg2 19. Rhg1 Bf3 20. Rde1 Rxd3 21. Qxd3 Qxa5 22.
Qd4 Bf8 23. e4 Rd8 24. Qe3 Qxa2 25. c3 b4 26. Qb6 Rd3 27. cxb4 Rb3 28. Qd4 Qa4 29.
Kb1 Rxb4 30. Qe5 Bxe4+ 31. Kc1 Qc2# 0-1

[Event "Early-Titled-Tuesday-Blitz-May-14-2024"]
[Site "Chess.com"]
[Date "2024.05.14"]
[Round "3"]
[White "PattyCastillo"]
[Black "cukus"]
[Result "0-1"]
[WhiteElo "2070"]
[BlackElo "2382"]
[TimeControl "180+1"]
[EndTime "8:29:15 PDT"]
[Termination "cukus won on time"]

1. d4 Nf6 2. Nf3 g6 3. Nc3 d5 4. Bf4 Bg7 5. e3 O-O 6. Be2 c5 7. Ne5 Nc6 8. O-O Bf5 9. a3 Rc8 10. g4 Be6 11. h3 cxd4 12. exd4 Ne4 13. Nxe4 dxe4 14. Nxc6 bxc6 15. c3 Qb6 16. Qd2 Rfd8 17. Be3 Qb3 18. Bd1 Qb7 19. Be2 c5 20. Rfc1 cxd4 21. cxd4 Rxc1+ 22. Rxc1 Qb6 23. d5 Qb7 24. Qa5 Qxd5 25. Qxd5 Bxd5 26. Bxa7 Bxb2 27. Rc7 Bxa3 28. Bb6 Rb8 29. Bc5 Bxc5 30. Rxc5 e6 31. Kh2 Kg7 32. Kg3 Rb3+ 33. Kf4 h6 34. g5 hxg5+ 35. Kxg5 Rxh3 0-1

[Event "Early-Titled-Tuesday-Blitz-May-14-2024"]
[Site "Chess.com"]
[Date "2024.05.14"]
[Round "3"]
[White "rpragchess"]
[Black "SAInt_666"]
[Result "1-0"]
[WhiteElo "3094"]
[BlackElo "2787"]
[TimeControl "180+1"]
[EndTime "8:29:16 PDT"]
[Termination "rpragchess won by resignation"]

1. Nf3 d5 2. g3 Nf6 3. Bg2 c5 4. O-O e6 5. d3 Nc6 6. Nbd2 Be7 7. e4 O-O 8. Re1 b5 9. e5 Nd7 10. Nf1 Bb7 11. h4 Qc7 12. Bf4 Rfc8 13. h5 h6 14. Qd2 Qd8 15. g4 Nd4 16. N1h2 Nxf3+ 17. Nxf3 d4 18. g5 hxg5 19. Nxg5 Bxg2 20. Kxg2 Nf8 21.
Ne4 Nh7 22. Rg1 Kh8 23. Kh2 c4 24. Rg3 Bf8 25. Rag1 cxd3 26. cxd3 Qh4+ 27. Rh3 Qe7 28. Ng5 Nxg5 29. Bxg5 Qc7 30. Qe2 a5 31. Qe4 Ra6 32. Qf4 Rc6 33. h6 g6 34. Qf6+ Kh7 35. Qg7+ 1-0